Match 46225317
Unlisted

Match 46225317
End
Royal Engineer Section
Construct Section Command Post
Selects Canadian Shock Battlegroup
Selects Canadian Shock Battlegroup
Infantry Section
Infantry Section
Construct Field Infirmary
Selects Attacking Spirit
Infantry Section
Vickers Machine Gun Team
Selects Canadian Shock Section
Construct Platoon Command Post
6-pounder Anti-tank Gun Team
Grenade Package
Infantry Training
Selects Incendiary Munitions
Selects Pyrotechnics
6-pounder Anti-tank Gun Team
Canadian Shock Section
Construct Company Command Post
Matilda II Heavy Tank
Crusader II Medium Tank
Canadian Shock Section
Unlock M3 Grant Medium Tanks
Selects Churchill Crocodile Heavy Tank
M3 Grant Medium Tank
Team Weapon Training
RG
MisiaczekUwUPolska
0
0

Comments sign in to comment!

No comments posted yet!